 Dungeon Crawl Stone Soup version 0.30-a0-1066-g63dfefce0d (webtiles) character file.

Game seed: 6818323799164850079

75 oldriver the Trooper (level 4, -3/37 HPs)
             Began as a Mummy Fighter on Apr 13, 2023.
             Was a Follower of Okawaru.
             Slain by a river rat (4 damage)
             ... in a sewer.
             The game lasted 00:02:05 (1991 turns).

oldriver the Trooper (Mummy Fighter)                Turns: 1991, Time: 00:02:05

Health: -3/37      AC:  6    Str: 21    XL:     4   Next: 11%
Magic:  4/4        EV:  9    Int:  7    God:    Okawaru [*.....]
Gold:   152        SH:  4    Dex: 11    Spells: 3/3 levels left

rFire   x . .      SeeInvis .    a - +0 war axe
rCold   + . .      Faith    +    c - +0 buckler
rNeg    + + +      Spirit   .    b - +0 scale mail
rPois   ∞          Reflect  .    (no helmet)
rElec   .          Rampage  .    (no cloak)
rCorr   .                        (no gloves)
Will    .....                    (no boots) Stlth
                                 (no amulet)
HPRegen 0.26/turn                (no ring)
MPRegen 0.09/turn                (no ring)

@: very slow
A: cold resistance 1, negative energy resistance 3, torment resistance 2, heat
vulnerability 1, in touch with death 1, no potions, faith
a: Renounce Religion, Heroism


You were in a sewer.
You worshipped Okawaru.
Okawaru was aware of your devotion.
You visited 1 branch of the dungeon, and saw 3 of its levels.
You also visited: Sewer.

You collected 152 gold pieces.

Inventory:

Hand Weapons
 a - a +0 war axe (weapon)
Missiles
 e - 9 poisoned darts (quivered)
Armour
 b - a +0 scale mail (worn)
 c - a +0 buckler (worn)
Jewellery
 d - a ring of ice
 i - a ring of flight
Scrolls
 f - 2 scrolls of identify
 g - 2 scrolls of teleportation
 h - a scroll of fog


   Skills:
 + Level 3.7 Fighting
 * Level 3.1 Axes
 - Level 2.4 Armour
 - Level 2.4 Shields


You had 3 spell levels left.
You didn't know any spells.
Your spell library contained the following spells:

 Spells                   Type           Power      Damage    Failure   Level
 Foxfire                  Conj/Fire      0%         2x1d4     86%         1
 Fireball                 Conj/Fire      0%         3d3       100%        5
 Plasma Beam              Fire/Air       0%         2x1d11    100%        6
 Starburst                Conj/Fire      0%         6d3       100%        6


Dungeon Overview and Level Annotations

Branches:
Dungeon (3/15)              Sewer (1/1)

Altars:
Okawaru


Innate Abilities, Weirdness & Mutations

You are immune to poison.
Your flesh is cold resistant. (rC+)
You are immune to negative energy. (rN+++)
You are immune to unholy pain and torment.
You are vulnerable to heat. (rF-)
You are in touch with the powers of death.
You do not drink.
You have a special connection with the divine. (Faith)


Message History

You are too injured to fight recklessly!
You are too injured to fight recklessly!
You are too injured to fight recklessly!
You are too injured to fight recklessly!
You are too injured to fight recklessly!
You are too injured to fight recklessly!
You are too injured to fight recklessly!
You are too injured to fight recklessly!
You are too injured to fight recklessly!
You are too injured to fight recklessly!
You are too injured to fight recklessly!
The river rat attacks as you move away! The river rat barely misses you.
Your unstable footing causes you to fumble your attack.
The river rat bites you! The river rat bites you.
Your unstable footing causes you to fumble your attack.
The river rat bites you but does no damage.
Your unstable footing causes you to fumble your attack.
The river rat bites you but does no damage.
The river rat bites you.
* * * LOW HITPOINT WARNING * * *
Your unstable footing causes you to fumble your attack.
The river rat bites you!
* * * LOW HITPOINT WARNING * * *
You closely miss the river rat.
The river rat is lightly wounded.
The river rat twitches its whiskers.
The river rat bites you.
* * * LOW HITPOINT WARNING * * *
You closely miss the river rat.
The river rat is lightly wounded.
The river rat closely misses you. You block the river rat's attack.
You closely miss the river rat.
The river rat is lightly wounded.
The river rat bites you.
* * * LOW HITPOINT WARNING * * *
You closely miss the river rat.
The river rat is lightly wounded.
The river rat bites you but does no damage.
The river rat bites you.
You die...

# ##### #~.
##~.~##
..~..#####~....#
.~..~~~r@~.~...#
.....#####.....#
#.. ##..~## #
##~## #~# #~#
##~## ##~.~##
###...∩.####~~~


You could see a river rat.

Vanquished Creatures
  3 adders
  2 river rats (D:3)
  2 worms
  A dart slug (D:1)
  3 endoplasms
  A giant cockroach (D:1)
  A goblin (D:2)
  A hobgoblin (D:2)
  2 ball pythons
  4 bats
  3 frilled lizards
  2 kobolds (D:3)
  6 rats
31 creatures vanquished.

Vanquished Creatures (others)
  2 plants (D:1)
2 creatures vanquished.

Grand Total: 33 creatures vanquished

Notes
Turn   | Place    | Note
-------+----------+-------------------------------------------
     0 | D:1      | oldriver the Mummy Fighter began the quest for the Orb.
     0 | D:1      | Reached XP level 1. HP: 18/18 MP: 1/1
   220 | D:1      | Reached XP level 2. HP: 24/24 MP: 2/2
  1025 | D:2      | Found a faded altar of an unknown god.
  1159 | D:2      | Gained mutation: You are in touch with the powers of death.
                  | [Mummy growth]
  1159 | D:2      | Reached XP level 3. HP: 22/29 MP: 3/3
  1228 | D:2      | Prayed at the altar of an unknown god.
  1228 | D:2      | Became a worshipper of Warmaster Okawaru
  1228 | D:2      | Reached * piety under Okawaru
  1704 | D:3      | Found a glowing drain.
  1727 | D:3      | HP: 1/29 [river rat (5)]
  1841 | Sewer    | Entered a sewer
  1859 | Sewer    | Reached XP level 4. HP: 35/37 MP: 4/4
  1988 | Sewer    | HP: 1/37 [river rat (2)]
  1991 | Sewer    | Slain by a river rat

Illustrated notes

Levels and vault maps discovered:
D:1:      lemuel_arrival_hallway, layout_basic, serial_bayou_lake_a
D:2:      layout_basic, ebering_ecumenical_altar_petrified, dk_noncrumbling_3
D:3:      layout_basic, cheibrodos_sewer_entry_sluice
Sewer:    sewer_co_15_rooms

Skill      XL: |  1  2  3 |
---------------+----------+-----
Axes           | 2 3 |  3.1
Fighting       | |  3.7
Armour         | |  2.4
Shields        | |  2.4

Action                     |  1- 3 |  4- 6 || total
---------------------------+-------+-------++-------
  Melee: War axe           |    89 |    20 ||   109
    Use: Scroll            |     2 |       ||     2
 Armour: Scale mail        |    41 |     4 ||    45
  Dodge: Dodged            |    41 |    10 ||    51
  Block: Buckler           |    14 |     2 ||    16

Table legend: (Time is in decaauts)
 A = Elapsed time spent in this place.
 B = Non-inter-level travel time spent in this place.
 C = Inter-level travel time spent in this place.
 D = Time resting spent in this place.
 E = Time spent auto-exploring this place.
 F = Levels seen in this place.
 G = Mean time per level.
                   A        B        C        D        E       F      G
               +--------+--------+--------+--------+--------+-----+--------+
         Total |   2076 |   2024 |     52 |    250 |   1288 |   4 |  519.0 |
       Dungeon |   1910 |   1858 |     52 |    150 |   1282 |   3 |  636.7 |
         Sewer |    166 |    166 |      0 |    100 |      6 |   1 |  166.0 |
               +--------+--------+--------+--------+--------+-----+--------+

Top non-repeatable levels by time:
     D:2: 811 daAuts
     D:1: 749 daAuts
     D:3: 348 daAuts
   Sewer: 166 daAuts
